 Dungeon Crawl Stone Soup version 0.21.1-1-g345015fe64 (webtiles) character file.

356508 lrwvr the Swashbuckler (level 21, -8/196 HPs)
             Began as a Demonspawn Gladiator on May 27, 2018.
             Was an Elder of Wu Jian.
             Mangled by a reaper
             ... wielding a +6 scythe of slicing
              (11 damage)
             ... in the Vestibule of Hell on May 28, 2018.
             The game lasted 05:06:36 (47816 turns).

lrwvr the Swashbuckler (Demonspawn Gladiator)      Turns: 47816, Time: 05:06:36

Health: -8/196     AC: 28    Str: 22    XL:     21   Next: 5%
Magic:  0/37       EV: 23    Int:  6    God:    Wu Jian [****..]
Gold:   2599       SH: 10    Dex: 26    Spells: 20/20 levels left

rFire    + + .     SeeInvis +   a - +7 rapier (pierce)
rCold    + . .     Gourm    .   y - +2 buckler
rNeg     + . .     Faith    .   P - +0 fire dragon scales
rPois    +         Spirit   +   (helmet unavailable)
rElec    +         Reflect  .   M - +5 cloak of the Vacuum {Regen+}
rCorr    .         Harm     .   F - +2 pair of gloves of the Blessed Realm {rPois Regen+ MP+9 Int-4 Dex+9}
MR       ++...                  J - +1 pair of boots
Stlth    +++++++...             c - amulet of guardian spirit
HPRegen  0.00/turn              k - ring of stealth
MPRegen  0.25/turn              Z - ring of Desakon {rF- rC+ rN+ Slay+5}

@: very slightly contaminated, hasted, invisible, serpent's lash, very quick
A: antennae 3, thin metallic scales 3, clumsy 1, cold resistance 1, demonic
guardian 2, fire resistance 1, foul stench 2, magic resistance 1, robust 2,
inhibited regeneration, strong 1, evolution 1, rot immunity, freezing cloud
immunity
}: 3/15 runes: decaying, serpentine, slimy
a: Wall Jump, Serpent's Lash, Renounce Religion


You were in the Vestibule of Hell.
You worshipped Wu Jian.
Wu Jian was greatly pleased with you.
You were not hungry.

You visited 9 branches of the dungeon, and saw 41 of its levels.
You visited 1 bazaar.
You also visited: Ice Cave and Wizlab.

You collected 4010 gold pieces.
You spent 1411 gold pieces at shops.

Inventory:

Hand Weapons
 a - a +7 rapier of piercing (weapon)
 i - the +8 demon blade of Irritation {slice, rC++ MR+}
   (You found it on level 5 of the Pits of Slime)

   It inflicts extra damage upon your enemies.
   It greatly protects you from cold.
   It affects your resistance to hostile enchantments.
Missiles
 I - a throwing net (quivered)
Armour
 e - +0 gold dragon scales
 y - a +2 buckler (worn)
 F - the +2 pair of gloves of the Blessed Realm (worn) {rPois Regen+ MP+9 Int-4 Dex+9}
   (You found it on level 3 of the Elven Halls)

   It affects your intelligence (-4).
   It affects your dexterity (+9).
   It protects you from poison.
   It affects your magic capacity (+9).
   It increases your rate of regeneration.
 J - a +1 pair of boots (worn)
 M - the +5 cloak of the Vacuum (worn) {Regen+}
   (You acquired it on level 2 of the Snake Pit)

   It increases your rate of regeneration.
 P - +0 fire dragon scales (worn)
Jewellery
 c - an amulet of guardian spirit (around neck)
 k - a ring of stealth (left hand)
 o - an uncursed ring of positive energy
 w - an uncursed ring of protection from fire
 z - an uncursed ring of protection from cold
 Q - an uncursed ring of protection from magic
 X - an uncursed ring of protection from magic
 Z - the ring of Desakon (right hand) {rF- rC+ rN+ Slay+5}
   (You found it on level 5 of the Pits of Slime)

   [ring of positive energy]

   It affects your accuracy and damage with ranged weapons and melee attacks
   (+5).
   It makes you vulnerable to fire.
   It protects you from cold.
   It protects you from negative energy.
Wands
 h - a wand of flame (86)
 p - a wand of enslavement (13)
 t - a wand of digging (47)
 u - a wand of disintegration (2)
 x - a wand of acid (20)
 D - a wand of polymorph (72)
 H - a wand of iceblast (5)
 O - a wand of paralysis (25)
 R - a wand of random effects (25)
 S - a wand of clouds (7)
Scrolls
 l - 3 scrolls of magic mapping
 m - 16 scrolls of remove curse
 n - a scroll of brand weapon
 q - 8 scrolls of teleportation
 r - 5 scrolls of fear
 v - 23 scrolls of identify
 B - 8 scrolls of amnesia
 G - 2 scrolls of silence
Potions
 b - a potion of magic
 d - a potion of haste
 g - 7 potions of flight
 j - 6 potions of might
 s - 6 potions of brilliance
 K - a potion of agility
 N - a potion of lignification
 T - 17 potions of mutation
 W - 2 potions of resistance
Comestibles
 f - 38 rations


   Skills:
 + Level 13.7 Fighting
 - Level 18.4(18.5) Short Blades
 * Level 3.1(12.8) Long Blades
 - Level 1.7 Throwing
 + Level 10.1 Armour
 * Level 14.5 Dodging
 * Level 17.6 Stealth
 + Level 10.9 Shields
 + Level 0.3 Unarmed Combat
 + Level 9.4 Evocations


You had 20 spell levels left.
You didn't know any spells.

Dungeon Overview and Level Annotations

Branches:
Dungeon (15/15)            Temple (1/1) D:7            Lair (6/6) D:9
  Swamp (4/4) Lair:4        Snake (4/4) Lair:4        Slime (5/5) Lair:6
    Orc (2/2) D:9             Elf (3/3) Orc:2        Vaults (0/5) D:13
 Depths (0/5) D:15           Hell (1/1)                 Tar (0/7) Hell
    Dis: Hell:1         Geh: Hell:1         Coc: Hell:1

Altars:
Cheibriados
Dithmenos
Elyvilon
Fedhas
Gozag
Kikubaaqudgha
Makhleb
Nemelex Xobeh
Okawaru
Qazlal
Ru
Sif Muna
Trog
Vehumet
Wu Jian
Yredelemnul
Zin
Beogh
Jiyva

Shops:
D:7 ?   Orc:2 [[[!   Elf:1 !   Snake:1 }*[   Snake:3 (}=}

Portals:
Hell: Lair:6

Annotations:
D:7 yann's ghost, novice HuWn
D:11 Ykky's ghost, journeyman DDNe
Hell Geryon


Innate Abilities, Weirdness & Mutations

You have a pair of large antennae on your head. (SInv)
You are completely covered in thin metallic scales. (AC +4, rElec)
Your flesh is cold resistant. (rC+)
A demonic guardian rushes to your aid.
You frequently emit foul miasma when damaged in melee.
You are immune to rotting.
You are immune to freezing clouds.
You are clumsy. (Dex -2)
Your flesh is heat resistant. (rF+)
You are resistant to hostile enchantments. (MR+)
You are very robust. (+20% HP)
You do not regenerate when monsters are visible.
Your muscles are strong. (Str +2)
You evolve.


Message History

The reaper is lightly wounded.
Your muscles tense, ready for explosive movement...
You spin and attack the reaper repeatedly, with incredible momentum.
You hit the reaper.
The reaper is moderately wounded.
You hit the reaper.
The reaper is moderately wounded.
You puncture the reaper!
The reaper is severely wounded.
You puncture the reaper!
The reaper is almost dead.
You hit the reaper but do no damage.
The reaper is almost dead.
You barely miss the reaper.
The reaper is almost dead.
You hit the reaper but do no damage.
The reaper is almost dead.
The reaper hits you with a scythe of slicing!!!
* * * LOW HITPOINT WARNING * * *
You die...

###########
##.........###
.............##
......D.......#
...3.....2...#
{ {
#.......####
##.....##@.#
#.....#...2ยง##
{ ##.z.###.)3##
##.. #..## ##
...## +++##


You could see a reaper (pinned) and a soul eater.

Vanquished Creatures
  the Royal Jelly (Slime:5)
  Mara (Snake:4)
  The ghost of Dickchan the Middleweight Champion, a veteran DrTm of the Shining One (Slime:4)
  A mutant beast (WizLab)
  Rupert (D:14)
  2 deep elf master archers (Elf:3)
  8 acid blobs
  4 deep elf blademasters
  An ancient champion (Hell)
  Kirke (Lair:6)
  3 thorn hunters
  10 nagarajas
  8 azure jellies
  The ghost of Peloso the Peltast, a journeyman MiFi of Okawaru (D:14)
  5 deep elf sorcerers (Elf:3)
  3 deep elf elementalists (Elf:3)
  Louise (D:15)
  Aizul (Snake:4)
  3 very ugly things (WizLab)
  The ghost of Lavandula the Cleaver, a journeyman DDTm of Makhleb (Orc:2)
  Nessos (Lair:6)
  3 deep elf demonologists
  4 deep elf annihilators (Elf:3)
  A dire elephant (Lair:6)
  Josephine (D:11)
  A fire dragon (D:14)
  Snorg (D:13)
  7 death oozes
  A deep elf high priest (Elf:3)
  7 deep elf death magi (Elf:3)
  Fannar (Orc:1)
  4 great orbs of eyes
  17 hydras
  An ice dragon (D:12)
  14 naga warriors
  Erolcha (D:10)
  2 vault guards (D:13)
  Harold (Lair:3)
  3 merfolk avatars (Swamp:4)
  11 anacondas
  An ogre mage (D:15)
  A death knight (D:12)
  A catoblepas (Lair:5)
  13 two-headed ogres
  6 alligators
  5 death yaks (Lair:6)
  21 dancing weapons
  Urug (D:14)
  3 tengu warriors (D:15)
  An iron golem (WizLab)
  The ghost of Alipheese the Arsonist, a novice DrFE of Sif Muna (D:10)
  4 shock serpents
  7 spriggans
  A sun demon (Lair:6)
  23 deep elf knights
  13 naga sharpshooters
  2 hell knights (Hell)
  2 unseen horrors (shapeshifter)
  5 skeletal warriors
  5 unseen horrors
  3 wizards
  A glowing orange brain (Slime:5)
  3 spriggan druids
  6 salamander mystics
  A shambling mangrove (Swamp:3)
  7 sea snakes (Snake:4)
  9 swamp dragons
  8 naga ritualists
  59 deep elf magi
  6 large abominations (WizLab)
  10 deep elf archers
  12 mana vipers
  13 ugly things
  A lindwurm (shapeshifter) (WizLab)
  3 necromancers
  A harpy (D:14)
  6 orc knights
  3 oklob plants (Lair:3)
  3 orc sorcerers
  3 shining eyes
  A faun (shapeshifter) (WizLab)
  3 elephants (Lair:5)
  Maurice (D:9)
  A centaur zombie (D:15)
  3 ice statues
  3 manticores
  39 black mambas
  An elephant (shapeshifter) (WizLab)
  15 salamanders
  5 guardian serpents
  A cyclops (D:15)
  2 orange demons (Lair:6)
  13 spiny frogs
  21 naga magi
  An eye of devastation (Slime:5)
  A torpor snail (shapeshifter) (WizLab)
  A gargoyle (D:15)
  2 komodo dragons
  9 rime drakes
  A yaktaur (D:13)
  2 kobold demonologists (D:15)
  A rime drake (shapeshifter) (D:15)
  A freezing wraith (D:15)
  A hellwing (Lair:6)
  12 ice devils
  A tengu conjurer (D:15)
  3 meliai (Lair:5)
  A hornet (shapeshifter) (WizLab)
  5 polar bears
  2 queen bees (shapeshifter) (WizLab)
  8 trolls
  A troll (shapeshifter) (WizLab)
  9 hornets
  7 tyrant leeches
  A blink frog (shapeshifter) (WizLab)
  72 slime creatures
  13 blink frogs
  5 bog bodies
  2 hippogriffs (shapeshifter) (WizLab)
  A meliai zombie (D:15)
  12 hippogriffs
  A black mamba zombie (Hell)
  A spriggan (shapeshifter) (D:14)
  A centaur simulacrum (D:15)
  27 yaks
  3 shadows
  5 wraiths
  2 air elementals
  A vampire (D:11)
  2 fire elementals
  6 hogs
  3 water elementals (D:13)
  A human (shapeshifter) (WizLab)
  19 humans
  2 wyverns
  A yak (shapeshifter) (WizLab)
  4 golden eyes
  4 hungry ghosts
  19 vampire mosquitoes
  3 basilisks
  13 insubstantial wisps (Swamp:4)
  A warg (Orc:2)
  13 swamp worms
  A swamp worm (shapeshifter) (WizLab)
  6 small abominations (WizLab)
  A harpy simulacrum (D:15)
  53 nagas
  17 water moccasins
  A soldier ant (shapeshifter) (WizLab)
  6 hell hounds
  3 floating eyes (WizLab)
  10 porcupines
  12 swamp drakes
  3 sky beasts
  34 orc warriors
  2 phantoms (D:9)
  A black bear (Lair:2)
  An eye of draining (D:15)
  15 ice beasts
  A black bear (shapeshifter) (WizLab)
  A necrophage (D:9)
  21 centaurs
  2 eyes of draining (shapeshifter) (WizLab)
  14 ogres
  23 wolves
  12 crocodiles
  A tengu (shapeshifter) (D:13)
  8 big kobolds
  15 bullfrogs
  4 earth elementals
  2 scorpions
  41 killer bees
  9 wights
  2 howler monkeys (D:6)
  8 electric eels
  7 crimson imps
  A quasit (D:13)
  A bullfrog zombie (D:6)
  9 hounds
  3 jellies
  21 orc priests
  20 orc wizards
  4 bullfrog skeletons
  8 centaur skeletons
  3 hell rats
  10 worker ants
  8 ogre zombies (D:9)
  A hound skeleton (D:5)
  A howler monkey zombie (D:2)
  A worker ant zombie (D:10)
  8 gnolls
  17 adders
  3 river rats (Lair:3)
  7 shadow imps
  12 white imps
  5 ufetubi (IceCv)
  5 oozes
  An adder zombie (D:9)
  3 adder skeletons
  5 worms
  3 dart slugs
  6 leopard geckos
  86 orcs
  9 bats
  9 giant cockroaches
  15 goblins
  10 hobgoblins
  7 jackals (D:3)
  7 quokkas
  A ball python (D:4)
  8 frilled lizards
  3 goblin skeletons (D:9)
  A goblin zombie (D:9)
  2 hobgoblin skeletons (D:9)
  4 hobgoblin zombies (D:9)
  40 kobolds
  2 leopard gecko skeletons
  A leopard gecko zombie (D:6)
  An orc skeleton (D:9)
  13 orc zombies
  2 quokka skeletons
  A quokka zombie (D:9)
  14 rats
  2 plants
1570 creatures vanquished.

Vanquished Creatures (collateral kills)
  A deep elf blademaster (Elf:3)
  6 acid blobs (Slime:5)
  2 deep elf sorcerers (Elf:3)
  The ghost of flt the Unseen, an adept SpEn of Wu Jian (Swamp:3)
  2 very ugly things (WizLab)
  A reaper (Hell)
  A death ooze (Slime:5)
  A great orb of eyes (Slime:5)
  A deep elf high priest (Elf:3)
  2 naga warriors (Snake:4)
  2 hydras
  3 anacondas (Snake:4)
  A two-headed ogre (D:15)
  A dancing weapon (Elf:2)
  A centaur warrior (Orc:2)
  A death yak (Lair:6)
  3 naga sharpshooters (Snake:4)
  3 shock serpents
  A sun demon (Hell)
  A deep elf knight (Elf:3)
  3 hell knights (Hell)
  3 skeletal warriors
  3 sea snakes (Snake:4)
  A naga ritualist (Snake:4)
  A swamp dragon (Swamp:4)
  A deep elf archer (Elf:1)
  A lindwurm (shapeshifter) (WizLab)
  A lindwurm (Lair:5)
  A necromancer (Hell)
  An orc knight (Orc:2)
  2 deep elf magi
  2 ugly things
  A salamander (Snake:3)
  A mana viper (Snake:2)
  6 slime creatures
  A moth of wrath (shapeshifter) (WizLab)
  A guardian serpent (Snake:4)
  A naga mage (Snake:4)
  2 elephants (Lair:5)
  2 black mambas
  A centaur zombie (D:14)
  An eye of devastation (Slime:5)
  An anaconda simulacrum (Hell)
  A demonic crawler (Hell)
  A hornet (Swamp:2)
  A spriggan (Swamp:3)
  A shadow (Swamp:4)
  A human (D:13)
  2 yaks
  A basilisk (Lair:5)
  A hungry ghost (D:9)
  9 nagas
  A floating eye (WizLab)
  A large abomination (WizLab)
  5 orc warriors (Orc:2)
  2 swamp drakes (Swamp:4)
  An eye of draining (Slime:5)
  2 ogres
  4 centaurs
  3 bullfrogs
  A big kobold (D:7)
  A scorpion (D:7)
  A wight (D:10)
  A howler monkey (D:8)
  2 orc wizards
  An iguana (D:4)
  An orc priest (D:4)
  A worker ant (D:4)
  A hound zombie (D:7)
  A hound skeleton (D:4)
  A gnoll (D:3)
  A shadow imp (D:8)
  A white imp (D:12)
  4 orcs
  2 hobgoblins (D:9)
  A hobgoblin zombie (D:9)
131 creatures vanquished.

Vanquished Creatures (others)
  A reaper (IceCv)
  A deep elf high priest (Elf:3)
  An anaconda (Snake:4)
  2 spriggan druids (Swamp:4)
  2 deep elf magi
  A tyrant leech (Swamp:4)
  2 white imps (IceCv)
  3 ufetubi (IceCv)
  13 fungi
  8 plants
34 creatures vanquished.

Grand Total: 1735 creatures vanquished

Notes
Turn   | Place    | Note
-------+----------+-------------------------------------------
     0 | D:1      | lrwvr the Demonspawn Gladiator began the quest for the Orb.
     0 | D:1      | Reached XP level 1. HP: 16/16 MP: 1/1
   107 | D:1      | Reached skill level 3 in Short Blades
   107 | D:1      | Gained mutation: You have a pair of small antennae on your head. [demonic ancestry]
   107 | D:1      | Reached XP level 2. HP: 16/22 MP: 2/2
   908 | D:2      | Gained mutation: A weak demonic guardian rushes to your aid. [demonic ancestry]
   908 | D:2      | Reached XP level 3. HP: 24/27 MP: 3/3
  1094 | D:2      | Found a sparkling altar of Nemelex Xobeh.
  1526 | D:2      | Gained mutation: You have a pair of antennae on your head. [demonic ancestry]
  1526 | D:2      | Reached XP level 4. HP: 22/33 MP: 4/4
  2123 | D:3      | Found a bloodstained altar of Trog.
  2143 | D:3      | Found a blossoming altar of Fedhas.
  2157 | D:3      | Reached skill level 1 in Stealth
  2195 | D:3      | Reached skill level 1 in Armour
  2279 | D:3      | Reached skill level 4 in Short Blades
  2478 | D:3      | Found a snail-covered altar of Cheibriados.
  2502 | D:3      | Gained mutation: You are immune to rotting. [demonic ancestry]
  2502 | D:3      | Reached XP level 5. HP: 29/38 MP: 5/5
  2799 | D:3      | Found a sparkling altar of Nemelex Xobeh.
  2800 | D:3      | Found an iron altar of Okawaru.
  4023 | D:4      | Found a basalt altar of Yredelemnul.
  4071 | D:4      | Reached XP level 6. HP: 20/46 MP: 6/6
  4688 | D:4      | Reached skill level 5 in Short Blades
  4796 | D:4      | Gained mutation: You may emit foul miasma when damaged in melee. [demonic ancestry]
  4796 | D:4      | Reached XP level 7. HP: 31/51 MP: 7/7
  5251 | D:4      | Found an ancient bone altar of Kikubaaqudgha.
  5424 | D:5      | Entered Level 5 of the Dungeon
  5752 | D:5      | Reached skill level 6 in Short Blades
  6108 | D:5      | Gained mutation: You are partially covered in thin metallic scales. (AC +2) [demonic ancestry]
  6108 | D:5      | Reached XP level 8. HP: 56/58 MP: 8/8
  6177 | D:5      | Found a burning altar of Makhleb.
  6681 | D:6      | Found a white marble altar of Elyvilon.
  7021 | D:6      | Found a radiant altar of Vehumet.
  7301 | D:7      | Reached skill level 7 in Short Blades
  7423 | D:7      | Found a staircase to the Ecumenical Temple.
  7427 | D:7      | Reached skill level 1 in Shields
  7441 | D:7      | Noticed yann's ghost (novice HuWn)
  7464 | Temple   | Entered the Ecumenical Temple
  7752 | Temple   | Became a worshipper of the Wu Jian Council
  8181 | D:8      | HP: 2/58 [killer bee (9)]
  8338 | D:7      | Gained mutation: You are mostly covered in thin metallic scales. (AC +3) [demonic ancestry]
  8338 | D:7      | Reached XP level 9. HP: 31/64 MP: 9/9
  8592 | D:8      | Reached skill level 5 in Dodging
  8592 | D:8      | Reached skill level 5 in Stealth
  8892 | D:7      | Reached skill level 8 in Short Blades
  9158 | D:7      | Found Aphop's Magic Scroll Boutique.
  9708 | D:8      | Found a stormy altar of Qazlal.
  9957 | D:8      | Found a glowing silver altar of Zin.
 10068 | D:9      | Noticed a two-headed ogre
 10072 | D:9      | Killed a two-headed ogre
 10072 | D:9      | Reached skill level 9 in Short Blades
 10072 | D:9      | Gained mutation: Your flesh is cold resistant. (rC+) [demonic ancestry]
 10072 | D:9      | Reached XP level 10. HP: 71/71 MP: 10/10
 10097 | D:9      | Reached * piety under Wu Jian
 10413 | D:9      | Found a staircase to the Lair.
 10524 | D:9      | Found a staircase to the Orcish Mines.
 10604 | D:9      | Reached ** piety under Wu Jian
 10702 | D:9      | Found an opulent altar of Gozag.
 10861 | D:9      | Found a sacrificial altar of Ru.
 10861 | D:9      | Noticed Maurice
 10866 | D:9      | Noticed a two-headed ogre
 11687 | D:10     | Entered Level 10 of the Dungeon
 11864 | D:10     | Noticed Alipheese's ghost (novice DrFE)
 11877 | D:10     | Reached skill level 10 in Short Blades
 12079 | D:10     | Noticed an unseen horror
 12092 | D:10     | Killed an unseen horror
 12092 | D:10     | Reached skill level 5 in Armour
 12440 | D:9      | Killed Maurice
 12440 | D:9      | Reached XP level 11. HP: 67/78 MP: 11/11
 12546 | D:10     | Killed Alipheese's ghost
 12555 | D:10     | Noticed Erolcha
 12564 | D:10     | Reached *** piety under Wu Jian
 12619 | D:10     | Killed Erolcha
 12747 | D:10     | Noticed a two-headed ogre
 12764 | D:10     | Killed a two-headed ogre
 12814 | D:10     | Reached skill level 11 in Short Blades
 13000 | D:10     | Reached skill level 5 in Fighting
 13152 | D:11     | Reached skill level 5 in Shields
 13263 | D:11     | Noticed Ykky's ghost (journeyman DDNe)
 13873 | D:11     | Noticed a five-headed hydra
 13882 | D:11     | Killed a five-headed hydra
 14275 | D:11     | Noticed a brown ugly thing
 14289 | D:11     | Killed a brown ugly thing
 14337 | D:11     | Noticed Josephine
 14359 | D:11     | Killed Josephine
 14492 | D:12     | Noticed an unseen horror
 14497 | D:12     | Killed an unseen horror
 14548 | D:12     | Noticed a death knight
 14553 | D:12     | Killed a death knight
 14674 | D:12     | Noticed an ice dragon
 14700 | D:12     | Gained mutation: You are completely covered in thin metallic scales. (AC +4, rElec) [demonic ancestry]
 14700 | D:12     | Reached XP level 12. HP: 80/86 MP: 12/12
 14758 | D:12     | Killed an ice dragon
 14758 | D:12     | Reached skill level 12 in Short Blades
 15203 | D:12     | Noticed a two-headed ogre
 15222 | D:12     | Killed a two-headed ogre
 15430 | D:13     | Noticed Snorg
 15437 | D:13     | Killed Snorg
 15753 | D:13     | Noticed a seven-headed hydra
 15772 | D:13     | Killed a seven-headed hydra
 16189 | D:9      | Killed a two-headed ogre
 16216 | Lair:1   | Entered Level 1 of the Lair of Beasts
 16521 | Lair:1   | Found a frozen archway.
 16533 | IceCv    | Entered an ice cave
 16595 | IceCv    | Reached **** piety under Wu Jian
 16785 | IceCv    | Killed a reaper
 16823 | IceCv    | Reached skill level 13 in Short Blades
 17098 | IceCv    | Reached XP level 13. HP: 38/94 MP: 13/13
 19238 | Lair:3   | Noticed Harold
 19273 | Lair:3   | Killed Harold
 19378 | Lair:3   | You fall through a shaft for 2 floors!
 19527 | Lair:4   | Reached skill level 10 in Stealth
 20177 | Lair:4   | Found a staircase to the Snake Pit.
 20349 | Lair:4   | Found a staircase to the Swamp.
 21127 | Lair:5   | Reached skill level 1 in Evocations
 22170 | Lair:5   | Identified the Handbook of the Harmful Entourage
 22386 | Lair:5   | Gained mutation: You frequently emit foul miasma when damaged in melee. [demonic ancestry]
 22386 | Lair:5   | Reached XP level 14. HP: 103/103 MP: 14/14
 22475 | Lair:6   | Entered Level 6 of the Lair of Beasts
 22495 | Lair:6   | Reached skill level 14 in Short Blades
 22664 | Lair:6   | Reached ***** piety under Wu Jian
 23359 | Lair:6   | Noticed Nessos
 23382 | Lair:6   | Killed Nessos
 23546 | Lair:6   | Noticed Kirke
 23575 | Lair:6   | Noticed a sphinx
 24080 | Lair:6   | Reached skill level 10 in Dodging
 24115 | Lair:6   | Found a burning altar of Makhleb.
 24386 | Lair:6   | Found a gateway to Hell.
 24532 | Lair:6   | Killed Kirke
 24599 | Lair:6   | Found a runed door.
 24599 | Lair:6   | Found a viscous altar of Jiyva.
 24599 | Lair:6   | Found a staircase to the Slime Pits.
 24715 | Swamp:1  | Entered Level 1 of the Swamp
 24775 | Swamp:1  | Noticed a thorn hunter
 24813 | Swamp:1  | Killed a thorn hunter
 25562 | Swamp:2  | Gained mutation: A demonic guardian rushes to your aid. [demonic ancestry]
 25562 | Swamp:2  | Reached XP level 15. HP: 106/112 MP: 15/15
 25673 | Swamp:2  | Noticed a thorn hunter
 25702 | Swamp:2  | Killed a thorn hunter
 26039 | Swamp:2  | Reached skill level 15 in Short Blades
 27166 | Swamp:3  | Noticed flt's ghost (adept SpEn)
 27319 | Swamp:3  | Killed flt's ghost
 27490 | Swamp:3  | Paralysed by a hornet for 3 turns
 28075 | Swamp:4  | Entered Level 4 of the Swamp
 28119 | Swamp:4  | Noticed a thorn hunter
 28131 | Swamp:4  | Killed a thorn hunter
 29333 | Swamp:4  | Gained mutation: You have a pair of large antennae on your head. (SInv) [demonic ancestry]
 29333 | Swamp:4  | Reached XP level 16. HP: 74/122 MP: 17/17
 29477 | Swamp:4  | Got a decaying rune of Zot
 29762 | Orc:1    | Entered Level 1 of the Orcish Mines
 29978 | Orc:2    | Entered Level 2 of the Orcish Mines
 30234 | Orc:2    | Noticed Lavandula's ghost (journeyman DDTm)
 30267 | Orc:2    | Killed Lavandula's ghost
 30321 | Orc:2    | Found a staircase to the Elven Halls.
 30467 | Orc:2    | Reached skill level 10 in Fighting
 30625 | Orc:2    | Found Kotzieb's Armour Boutique.
 30625 | Orc:2    | Found Ycvosch's Armour Shoppe.
 30627 | Orc:2    | Found Nauket's Armour Emporium.
 30629 | Orc:2    | Found Ziaff's Distillery.
 30635 | Orc:2    | Bought a potion of mutation for 96 gold pieces
 30636 | Orc:2    | Gained mutation: You are robust. (+10% HP) [potion of mutation]
 30636 | Orc:2    | Gained mutation: You are occasionally teleported next to monsters. [potion of mutation]
 30636 | Orc:2    | Gained mutation: You occasionally shout uncontrollably at your foes. [potion of mutation]
 30636 | Orc:2    | Gained mutation: Your flesh is heat resistant. (rF+) [potion of mutation]
 30637 | Orc:2    | Lost mutation: You are robust. (+10% HP) [potion of mutation]
 30637 | Orc:2    | Lost mutation: You are occasionally teleported next to monsters. [potion of mutation]
 30637 | Orc:2    | Gained mutation: You expend magic power (3 MP) to strengthen your wands. [potion of mutation]
 30637 | Orc:2    | Gained mutation: Your mind is acute. (Int +2) [potion of mutation]
 30637 | Orc:2    | Gained mutation: Your muscles are strong. (Str +2) [potion of mutation]
 30638 | Orc:2    | Lost mutation: You occasionally shout uncontrollably at your foes. [potion of mutation]
 30638 | Orc:2    | Lost mutation: You expend magic power (3 MP) to strengthen your wands. [potion of mutation]
 30638 | Orc:2    | Gained mutation: You are clumsy. (Dex -2) [potion of mutation]
 30638 | Orc:2    | Gained mutation: You are robust. (+10% HP) [potion of mutation]
 30638 | Orc:2    | Gained mutation: You are resistant to hostile enchantments. (MR+) [potion of mutation]
 30638 | Orc:2    | Gained mutation: You are highly resistant to hostile enchantments. (MR++) [potion of mutation]
 31006 | Orc:1    | Found a roughly hewn altar of Beogh.
 31009 | Orc:1    | Noticed Fannar
 31023 | Orc:1    | Killed Fannar
 31467 | Snake:1  | Entered Level 1 of the Snake Pit
 31491 | Snake:1  | Found Oxullyph's Antique Armour Boutique.
 32006 | Snake:1  | Found a blossoming altar of Fedhas.
 32032 | Snake:1  | Got a brightly glowing leather armour
 32033 | Snake:1  | Identified the +3 leather armour of Wasted Space {Slay+3} (You found it on level 1 of the Snake Pit)
 32149 | Snake:1  | Found Menuitin's General Store.
 32356 | Snake:1  | Found Ocegy's Gadget Emporium.
 32437 | Snake:1  | Reached skill level 16 in Short Blades
 33385 | Snake:2  | Identified a scroll of acquirement
 33400 | Snake:2  | Got a smoking cloak
 33411 | Snake:2  | Identified the +5 cloak of the Vacuum {Regen+} (You acquired it on level 2 of the Snake Pit)
 33721 | Snake:3  | Reached ****** piety under Wu Jian
 33763 | Snake:3  | Gained mutation: You are immune to freezing clouds. [demonic ancestry]
 33763 | Snake:3  | Reached XP level 17. HP: 91/141 MP: 13/18
 33847 | Snake:3  | Found Xoyjahou's Weapon Boutique.
 34238 | Snake:3  | Found Kuupni's Gadget Emporium.
 34238 | Snake:3  | Found Jibausus's Jewellery Boutique.
 34239 | Snake:3  | Found Pastoka's Gadget Emporium.
 34307 | Snake:3  | Bought the amulet of Past Mistakes {-Tele +Inv rPois Regen+ Dex+3} for 489 gold pieces
 34459 | Snake:4  | Entered Level 4 of the Snake Pit
 34593 | Snake:4  | Noticed Mara
 34594 | Snake:4  | Killed Mara
 35574 | Snake:4  | Reached XP level 18. HP: 86/151 MP: 21/21
 35976 | Snake:4  | Got a serpentine rune of Zot
 36087 | Snake:4  | Noticed Aizul
 36110 | Snake:4  | Killed Aizul
 36110 | Snake:4  | Reached skill level 5 in Evocations
 36765 | D:13     | Reached skill level 15 in Stealth
 36775 | D:13     | Reached skill level 17 in Short Blades
 37107 | D:13     | Found a gate to the Vaults.
 37497 | D:14     | Got a scorched jade ring
 37499 | D:14     | Identified the ring "Vunaunec" {rElec Int+3 Stlth-} (You found it on level 14 of the Dungeon)
 37532 | D:14     | Noticed Rupert
 37542 | D:14     | Killed Rupert
 37543 | D:14     | Noticed Urug
 37548 | D:14     | Killed Urug
 37685 | D:14     | Noticed Peloso's ghost (journeyman MiFi)
 37721 | D:14     | Killed Peloso's ghost
 37762 | D:14     | Found a bloodstained altar of Trog.
 38375 | D:15     | Entered Level 15 of the Dungeon
 38963 | D:15     | Found a staircase to the Depths.
 38987 | D:15     | Reached skill level 10 in Shields
 39238 | D:15     | Noticed Louise
 39241 | D:15     | Killed Louise
 39531 | Elf:1    | Entered Level 1 of the Elven Halls
 39695 | Elf:1    | Reached XP level 19. HP: 160/160 MP: 23/23
 39830 | Elf:1    | Found a magical portal.
 39864 | WizLab   | Entered Cigotuvi's Fleshworks
 40328 | WizLab   | Identified the Handbook of Changing
 40340 | WizLab   | Identified Cigotuvi's Tome of Moulding and Dark Rites
 40572 | WizLab   | Paralysed by a floating eye for 3 turns
 40726 | WizLab   | Got a faintly glowing silver ring
 40732 | WizLab   | Identified the ring "Syanunlu" {-Tele rElec rPois MR- MP+9} (You found it in a wizard's laboratory)
 41131 | Elf:1    | Found Bifank's Distillery.
 41136 | Elf:1    | Bought a potion of heal wounds for 75 gold pieces
 41136 | Elf:1    | Bought a potion of heal wounds for 75 gold pieces
 41136 | Elf:1    | Bought 2 potions of might for 120 gold pieces
 41136 | Elf:1    | Bought a potion of curing for 45 gold pieces
 41310 | Elf:1    | Identified Weodd's Guide on Calling
 41625 | Elf:2    | Found a runed gate.
 41632 | Elf:2    | Found a runed gate.
 41807 | Elf:2    | Found a runed gate.
 42842 | Elf:3    | Entered Level 3 of the Elven Halls
 42962 | Elf:3    | Found a flickering gateway to a bazaar.
 42969 | Bazaar   | Entered a bazaar
 42996 | Bazaar   | Found Juontei's Antique Weapon Emporium.
 43009 | Bazaar   | Found Osuefrum's Armour Emporium.
 43022 | Bazaar   | Found Laje's Book Emporium.
 43022 | Bazaar   | Found Paafol's Assorted Antiques.
 43183 | Bazaar   | Bought a scroll of summoning for 133 gold pieces
 43183 | Bazaar   | Bought a scorched scimitar for 126 gold pieces
 43183 | Bazaar   | Bought a jewelled ring mail for 126 gold pieces
 43183 | Bazaar   | Identified the +4 scimitar "Wepeeto" {freeze, Dex+4} (You bought it in a shop in a bazaar)
 43196 | Bazaar   | Identified the +3 ring mail "Ushymefa" {rN+ MR+ Dex-3} (You bought it in a shop in a bazaar)
 43232 | Bazaar   | Bought 2 potions of curing for 84 gold pieces
 43232 | Bazaar   | Bought a potion of flight for 42 gold pieces
 43472 | Elf:3    | Reached skill level 18 in Short Blades
 43742 | Elf:3    | Reached XP level 20. HP: 169/170 MP: 26/26
 44032 | Elf:3    | Got a smoking long sword {drain}
 44033 | Elf:3    | Identified the +6 long sword of Zievith {drain, Str+4} (You took it off a deep elf sorcerer on level 3 of the Elven Halls)
 44188 | Elf:3    | Got a pair of faintly glowing gloves
 44255 | Elf:3    | Identified the +2 pair of gloves of the Blessed Realm {rPois Regen+ MP+9 Int-4 Dex+9} (You found it on level 3 of the Elven Halls)
 44305 | Elf:3    | Got a bloodstained spear
 44306 | Elf:3    | Identified the +1 spear of Toerir {speed, *Corrode +Rage Str+3} (You found it on level 3 of the Elven Halls)
 45155 | Slime:1  | Entered Level 1 of the Pits of Slime
 45157 | Slime:1  | Reached skill level 1 in Long Blades
 45326 | Slime:3  | Found a viscous altar of Jiyva.
 45356 | Slime:4  | Noticed Dickchan's ghost (veteran DrTm)
 45402 | Slime:4  | Killed Dickchan's ghost
 45481 | Slime:5  | Entered Level 5 of the Pits of Slime
 45728 | Slime:5  | Reached skill level 10 in Armour
 45987 | Slime:5  | Gained mutation: You occasionally shout uncontrollably at your foes. [a shining eye]
 45996 | Slime:5  | Gained mutation: You are occasionally teleported next to monsters. [a shining eye]
 46007 | Slime:5  | Lost mutation: You occasionally shout uncontrollably at your foes. [potion of mutation]
 46007 | Slime:5  | Lost mutation: Your mind is acute. (Int +2) [potion of mutation]
 46007 | Slime:5  | Lost mutation: You are occasionally teleported next to monsters. [potion of mutation]
 46007 | Slime:5  | Lost mutation: You are highly resistant to hostile enchantments. (MR++) [potion of mutation]
 46007 | Slime:5  | Gained mutation: You are very robust. (+20% HP) [potion of mutation]
 46007 | Slime:5  | Gained mutation: You evolve. [potion of mutation]
 46123 | Slime:5  | Noticed the Royal Jelly
 46125 | Slime:5  | Found a viscous altar of Jiyva.
 46145 | Slime:5  | Killed the Royal Jelly
 46562 | Slime:5  | HP: 4/189 [acid[the Royal Jelly] (15)]
 46721 | Slime:5  | Gained mutation: You do not regenerate when monsters are visible. [a shining eye]
 47285 | Slime:5  | Got a slimy rune of Zot
 47346 | Slime:5  | Got a wavering ivory ring
 47351 | Slime:5  | Identified the ring of Desakon {rF- rC+ rN+ Slay+5} (You found it on level 5 of the Pits of Slime)
 47401 | Slime:5  | Got a brightly glowing robe
 47412 | Slime:5  | Identified the +1 robe of Coronation {Int+4} (You found it on level 5 of the Pits of Slime)
 47435 | Slime:5  | Got an encrusted scimitar
 47436 | Slime:5  | Identified the cursed +0 scimitar "Cubryenn" {antimagic, rPois rC+} (You found it on level 5 of the Pits of Slime)
 47442 | Slime:5  | Got a slimy demon blade
 47443 | Slime:5  | Identified the +8 demon blade of Irritation {slice, rC++ MR+} (You found it on level 5 of the Pits of Slime)
 47470 | Slime:5  | Got a steaming chain mail
 47481 | Slime:5  | Identified the +5 chain mail "Reonieq" {*Slow Int+3 Dex+3 SInv} (You found it on level 5 of the Pits of Slime)
 47735 | Hell     | Entered the Vestibule of Hell
 47735 | Hell     | Noticed Geryon
 47760 | Hell     | Reached XP level 21. HP: 90/196 MP: 20/28
 47797 | Hell     | Found a gateway to the decaying netherworld of Tartarus.
 47816 | Hell     | HP: 3/196 [reaper/scythe of slicing (25)]
 47816 | Hell     | Mangled by a reaper

Skill      XL: |  1  2  3  4  5  6  7  8  9 10 11 12 13 14 15 16 17 18 19 20 21 |
---------------+----------------------------------------------------------------+-----
Short Blades   | 3 4 5 6 7 9 10 11 13 14 15 16 17 18 | 18.4
Dodging        | 3 4 5 6 7 8 9 10 11 12 13 14 | 14.5
Stealth        | 1 2 3 4 5 6 8 9 10 11 12 13 14 15 16 17 | 17.6
Armour         | 1 2 3 4 5 6 7 8 9 10 | 10.1
Fighting       | 3 4 5 6 7 8 9 10 11 12 13 | 13.7
Shields        | 2 3 4 5 6 7 8 9 10 | 10.9
Evocations     | 1 2 4 6 8 9 |  9.4
Long Blades    | 2 3 |  3.1
Throwing       | |  1.7
Unarmed Combat | |  0.3

Action                   |  1- 3 |  4- 6 |  7- 9 | 10-12 | 13-15 | 16-18 | 19-21 || total
-------------------------+-------+-------+-------+-------+-------+-------+-------++-------
Melee: Rapier            |   126 |   284 |   500 |  1662 |  2363 |  2652 |  1618 ||  9205
       Unarmed           |       |       |       |       |    10 |       |       ||    10
       Long sword        |       |       |       |       |       |       |    40 ||    40
       Demon blade       |       |       |       |       |       |       |    53 ||    53
Throw: Throwing net      |       |     7 |     6 |       |     2 |       |     1 ||    16
Invok: Lunge             |       |       |    21 |   108 |   143 |   222 |   139 ||   633
       Whirlwind         |       |       |       |    53 |   265 |   409 |   391 ||  1118
       Wall Jump         |       |       |       |     5 |    10 |    14 |    14 ||    43
       Serpent's Lash    |       |       |       |    23 |    54 |    30 |    46 ||   153
       Heavenly Storm    |       |       |       |       |       |       |     2 ||     2
 Abil: Evoke Invisibilit |       |       |       |       |       |     3 |     1 ||     4
Evoke: Wand              |       |       |       |     2 |    57 |    12 |     9 ||    80
  Use: Scroll            |     4 |     1 |     7 |    18 |    12 |    14 |    20 ||    76
       Potion            |       |     1 |     4 |     4 |     8 |     5 |    16 ||    38
 Stab: Sleeping          |     1 |    10 |    25 |    31 |    56 |    84 |    56 ||   263
       Distracted        |       |     1 |     4 |    21 |    23 |    15 |    13 ||    77
       Paralysed         |       |       |       |     1 |       |       |       ||     1
       Held in net/web   |       |       |       |       |     3 |       |     1 ||     4
       Invisible         |       |       |       |       |       |     4 |       ||     4
  Eat: Ration            |     1 |     2 |     5 |     5 |     6 |     6 |     6 ||    31
       Chunk             |       |     3 |     8 |    10 |    21 |    18 |     7 ||    67
Armor: Leather armour    |    30 |    59 |   103 |   196 |   189 |       |       ||   577
       Swamp dragon scal |       |       |       |       |   171 |   296 |       ||   467
       Fire dragon scale |       |       |       |       |       |    71 |   266 ||   337
Dodge: Dodged            |    70 |   180 |   290 |   543 |   888 |   846 |   461 ||  3278
Block: Buckler           |       |       |    96 |   296 |   493 |   522 |   292 ||  1699
       Rpst.: Demon blade |       |       |       |       |       |       |    15 ||    15
       Long sword        |       |       |       |       |       |       |     2 ||     2
